 Dungeon Crawl Stone Soup version 0.26-a0-639-g72c4674329 (webtiles) character file.

Game seed: 11007347481396837228

6408 PentaManta the Blocker (level 11, 0/83 HPs)
             Began as a Formicid Fighter on Sept 20, 2020.
             Was an Elder of Elyvilon.
             Killed by divine providence
             ... invoked by a meliai
              (15 damage)
             ... on level 10 of the Dungeon.
             The game lasted 00:24:21 (11132 turns).

PentaManta the Blocker (Formicid Fighter)          Turns: 11132, Time: 00:24:22

Health: 0/83       AC: 15    Str: 23    XL:     11   Next: 18%
Magic:  14/14      EV: 10    Int: 11    God:    Elyvilon [****..]
Gold:   540        SH: 18    Dex: 10    Spells: 10/10 levels left

rFire    + . .     SeeInvis +   a - +1 war axe
rCold    + . .     Faith    .   c - +1 kite shield
rNeg     . . .     Spirit   .   C - +0 chain mail
rPois    +         Reflect  +   (helmet unavailable)
rElec    .         Harm     .   G - +1 cloak {rPois}
rCorr    .         Rampage  .   y - +0 pair of gloves
MR       +....                  z - +0 pair of boots
Stlth    ..........             i - amulet of reflection
HPRegen  0.23/turn              A - ring of protection from fire
MPRegen  0.14/turn              g - ring of protection from cold

@: mighty, studying Dodging
A: permanent stasis, dig shafts and tunnels, four strong arms, antennae 3,
hooves 1, clever 1
a: Dig, Shaft Self, Lesser Healing, Heal Other, Purification, Greater Healing,
Divine Protection, Renounce Religion


You were on level 10 of the Dungeon.
You worshipped Elyvilon.
Elyvilon was greatly pleased with you.
You visited 2 branches of the dungeon, and saw 11 of its levels.

You collected 540 gold pieces.

Inventory:

Hand Weapons
 a - a +1 war axe (weapon)
 j - a +0 whip of freezing
 p - a +0 short sword of venom
 r - a +2 spear of flaming
 s - a +2 rapier of holy wrath
 D - a +3 hand axe
 E - the +7 Spriggan's Knife {stab, EV+4 Stlth+}
   (You found it on level 8 of the Dungeon)

   It affects your evasion (+4).
   It makes you more stealthy.
 I - a +0 great mace
 O - a +3 halberd
Armour
 c - a +1 kite shield (worn)
 q - a +0 plate armour
 y - a +0 pair of gloves (worn)
 z - a +0 pair of boots (worn)
 C - a +0 chain mail (worn)
 G - a +1 cloak of poison resistance (worn)
Jewellery
 g - a ring of protection from cold (right hand)
 i - an amulet of reflection (around neck)
 A - a ring of protection from fire (left hand)
 R - an uncursed amulet of faith
Wands
 e - a wand of digging (7)
 f - a wand of iceblast (3)
 u - a wand of paralysis (9)
 w - a wand of flame (47)
 B - a wand of polymorph (16)
 J - a wand of enslavement (8)
Scrolls
 h - 8 scrolls of remove curse
 l - 2 scrolls of enchant armour
 o - a scroll of identify
 x - a scroll of fear
 F - 4 scrolls of enchant weapon
 K - a scroll of fog
 L - 3 scrolls of magic mapping
Potions
 b - a potion of lignification
 d - 2 potions of might
 k - 5 potions of curing
 m - a potion of brilliance
 n - 4 potions of stabbing
 t - a potion of invisibility
 v - a potion of magic {unknown}
 M - a potion of cancellation {unknown}
 N - a potion of ambrosia {unknown}
Books
 H - a manual of Dodging


   Skills:
 * Level 6.6 Fighting
 + Level 9.8 Axes
 * Level 6.6 Armour
 * Level 5.3 Dodging
 - Level 10.6 Shields
 + Level 5.1 Invocations


You had 10 spell levels left.
You didn't know any spells.
Your spell library was empty.

Dungeon Overview and Level Annotations

Branches:
Dungeon (10/15)            Temple (1/1) D:5             Orc (0/2) D:9
   Lair: D:8-11

Altars:
Ashenzari
Cheibriados
Dithmenos
Elyvilon
Fedhas
Gozag
Hepliaklqana
Kikubaaqudgha
Makhleb
Nemelex Xobeh
Okawaru
Qazlal
Ru
Sif Muna
Trog
Uskayaw
Vehumet
Wu Jian
Xom
Yredelemnul
Zin
The Shining One
Beogh

Shops:
D:5 :   D:7 *

Annotations:
D:7 fly


Innate Abilities, Weirdness & Mutations

You cannot be hasted, slowed, berserked, paralysed or teleported.
You can dig through walls and to a lower floor.
Your four strong arms can wield two-handed weapons with a shield.
You have a pair of large antennae on your head. (SInv)
You have large cloven feet.
Your mind is acute. (Int +2)


Message History

A death knight, a phantasmal warrior and 2 meliai come into view.
The death knight is wielding a +1 vorpal great mace.
The death knight shouts!
The meliai buzzes angrily.
You hear an angry buzzing noise.
You feel less vulnerable to hostile enchantments.
The meliai calls down the wrath of its god upon you.
Something smites you!
The meliai calls down the wrath of its god upon you.
Something smites you!
* * * LOW HITPOINT WARNING * * *
The meliai hits you but does no damage. You block the meliai's attack.
The meliai barely misses you. You block the meliai's attack. x3
The phantasmal warrior blinks!
The death knight offers itself to Yredelemnul, and fills with unholy energy.
The meliai hits you with a +0 war axe!
* * * LOW HITPOINT WARNING * * *
The meliai stings you but does no damage.
The meliai mumbles some strange prayers to its god against you.
Something smites you!
You die...

....W..p............# #.
.......#ยง...........###
#.
..y...##............'.###.
...... #............#.....
..y.. #............#####)
..... #..W.........# #.
.... #..y.........# ##
#### ###y########## #@##
##.# ###


You could see a phantasmal warrior and 2 meliai.

Vanquished Creatures
  A phantasmal warrior (D:10)
  Pikel (D:4)
  Maurice (D:8)
  A hippogriff (D:8)
  A spriggan (D:10)
  A wraith (D:8)
  7 yaks
  Duvessa (D:5)
  A black bear (D:8)
  An orc warrior (D:8)
  4 ice beasts
  An eye of draining (D:10)
  A hornet zombie (D:7)
  A sky beast (D:10)
  2 phantoms
  4 ogres
  2 centaurs (D:5)
  A big kobold (D:8)
  3 bullfrogs
  A wyvern zombie (D:6)
  Dowan (D:5)
  3 scorpions
  4 wights (D:9)
  A centaur zombie (D:7)
  2 centaur skeletons (D:4)
  11 orc wizards
  A gnoll shaman (D:4)
  6 hounds
  5 orc priests
  A bullfrog skeleton (D:4)
  2 iguanas
  Jessica (D:3)
  Ijyb (D:3)
  Natasha (thrice) (D:3)
  6 worker ants
  A howler monkey zombie (D:5)
  2 howler monkey skeletons
  11 gnolls
  7 adders
  4 shadow imps
  A white imp (D:8)
  An ufetubus (D:8)
  2 oozes
  An adder skeleton (D:8)
  2 worms
  4 dart slugs (D:2)
  5 leopard geckos
  22 orcs
  6 giant cockroaches
  6 goblins
  7 hobgoblins
  4 jackals (D:4)
  3 quokkas
  A ball python (D:1)
  6 bats
  5 frilled lizards
  A jackal skeleton (D:4)
  10 kobolds
  A leopard gecko zombie (D:5)
  5 rats
202 creatures vanquished.

Vanquished Creatures (others)
  2 kobolds (D:8)
2 creatures vanquished.

Grand Total: 204 creatures vanquished

Notes
Turn   | Place    | Note
-------+----------+-------------------------------------------
     0 | D:1      | PentaManta the Formicid Fighter began the quest for the
                  | Orb.
     0 | D:1      | Reached XP level 1. HP: 18/18 MP: 1/1
   220 | D:1      | Reached XP level 2. HP: 22/24 MP: 2/2
   255 | D:1      | Reached skill level 4 in Shields
   678 | D:1      | Reached XP level 3. HP: 26/29 MP: 3/3
  1505 | D:2      | Reached XP level 4. HP: 25/35 MP: 4/4
  1954 | D:3      | Noticed Natasha
  1964 | D:3      | Killed Natasha
  1964 | D:3      | Reached skill level 5 in Shields
  1997 | D:3      | Noticed Ijyb
  2006 | D:3      | Killed Ijyb
  2006 | D:3      | Reached XP level 5. HP: 40/41 MP: 5/5
  2027 | D:3      | Found a hazy altar of Hepliaklqana.
  2112 | D:3      | Noticed Natasha
  2120 | D:3      | Killed Natasha
  2532 | D:3      | Noticed Jessica
  2536 | D:3      | Killed Jessica
  2536 | D:3      | Reached XP level 6. HP: 47/47 MP: 6/6
  2740 | D:3      | Noticed Natasha
  2754 | D:3      | Killed Natasha
  2754 | D:3      | Reached skill level 6 in Shields
  3422 | D:4      | Found an ornate altar of the Wu Jian Council.
  3444 | D:4      | Found a snail-covered altar of Cheibriados.
  3457 | D:4      | Noticed an ogre
  3469 | D:4      | Killed an ogre
  3469 | D:4      | Reached skill level 5 in Axes
  3506 | D:4      | Reached XP level 7. HP: 48/52 MP: 7/7
  3698 | D:4      | Noticed Pikel
  3728 | D:4      | Killed Pikel
  3728 | D:4      | Reached skill level 8 in Shields
  3728 | D:4      | Reached XP level 8. HP: 37/58 MP: 8/8
  4589 | D:4      | Found a white marble altar of Elyvilon.
  4596 | D:4      | Became a worshipper of Elyvilon the Healer
  4775 | D:5      | Entered Level 5 of the Dungeon
  5013 | D:5      | Reached skill level 9 in Shields
  5038 | D:5      | Found a shimmering blue altar of Sif Muna.
  5171 | D:5      | Noticed Duvessa
  5171 | D:5      | Noticed Dowan
  5184 | D:5      | Killed Dowan
  5203 | D:5      | Killed Duvessa
  5208 | D:5      | Reached XP level 9. HP: 49/64 MP: 9/9
  5405 | D:5      | Reached skill level 10 in Shields
  5452 | D:5      | Found a sparkling altar of Nemelex Xobeh.
  5644 | D:5      | Found a staircase to the Ecumenical Temple.
  5673 | Temple   | Entered the Ecumenical Temple
  5885 | D:5      | Found Sachic's Book Emporium.
  6064 | D:6      | Reached * piety under Elyvilon
  6885 | D:7      | Found Jouz's Island Escapes.
  6916 | D:7      | Reached skill level 1 in Dodging
  6916 | D:7      | Reached skill level 1 in Invocations
  6964 | D:7      | Reached XP level 10. HP: 27/71 MP: 11/11
  7707 | D:7      | Reached ** piety under Elyvilon
  7843 | D:7      | Gained mutation: You have large cloven feet. [potion of
                  | mutation]
  7843 | D:7      | Gained mutation: Your mind is acute. (Int +2) [potion of
                  | mutation]
  8684 | D:8      | Reached skill level 5 in Fighting
  8684 | D:8      | Reached skill level 5 in Armour
  8696 | D:8      | Found a radiant altar of Vehumet.
  8778 | D:8      | Found the +7 Spriggan's Knife {stab, EV+4 Stlth+}
  8939 | D:8      | Noticed Maurice
  9392 | D:8      | Found a radiant altar of Vehumet.
  9515 | D:8      | Killed Maurice
  9993 | D:9      | Reached *** piety under Elyvilon
 10113 | D:9      | Found a staircase to the Orcish Mines.
 10120 | D:9      | Found a roughly hewn altar of Beogh.
 10498 | D:10     | Entered Level 10 of the Dungeon
 10637 | D:10     | Identified a scroll of acquirement
 10637 | D:10     | Acquired a manual of Dodging
 10696 | D:10     | Reached XP level 11. HP: 50/81 MP: 14/14
 10987 | D:10     | Reached **** piety under Elyvilon
 11028 | D:10     | Reached skill level 5 in Invocations
 11091 | D:10     | Noticed a phantasmal warrior
 11115 | D:10     | Killed a phantasmal warrior
 11115 | D:10     | Reached skill level 5 in Dodging
 11124 | D:10     | Noticed a death knight
 11124 | D:10     | Noticed a phantasmal warrior
 11132 | D:10     | Killed from afar by a meliai

Illustrated notes

Levels and vault maps discovered:
D:1:      grunt_arrival_lava_bath, layout_rooms
D:2:      layout_basic
D:3:      layout_basic, lemuel_crystal_altar, uniq_jessica, uniq_natasha,
          uniq_ijyb
D:4:      kennysheep_spiral_hall, layout_cave_pools, elyvilon_altar_4,
          lemuel_round_altar, kennysheep_little_box, minmay_misc_feat_columns,
          uniq_pikel
D:5:      layout_loops_cross, lemuel_crystal_altar,
          minmay_temple_entry_antechambers, serial_shops, kennysheep_mini_moat,
          lemuel_blue_sif_altar, uniq_duvessa
D:6:      layout_loops_ring
D:7:      layout_basic, nicolae_island_escapes
D:8:      layout_loops_cross, vehumet_altar_wand_db, uniq_maurice
D:9:      layout_basic, minmay_orc_entry_temple_small
D:10:     layout_roguey [special_room_orc], the_bakery
Temple:   eino_temple_scatter_basement

Skill      XL: |  1  2  3  4  5  6  7  8  9 10 11 |
---------------+----------------------------------+-----
Shields        | 4 5 6 8 9 10 | 10.6
Axes           | 3 4 5 6 7 9 |  9.8
Dodging        | 1 4 5 |  5.3
Invocations    | 2 4 5 |  5.1
Fighting       | 4 6 |  6.6
Armour         | 4 6 |  6.6

Action                   |  1- 3 |  4- 6 |  7- 9 | 10-12 || total
-------------------------+-------+-------+-------+-------++-------
Melee: War axe           |    28 |       |    13 |   328 ||   369
       Dagger            |    87 |       |       |       ||    87
       Short sword       |    13 |   129 |   175 |    36 ||   353
       Hand axe          |       |       |   157 |   114 ||   271
       Knife             |       |       |       |     4 ||     4
 Abil: Dig               |       |       |       |     1 ||     1
Evoke: Wand              |       |       |       |     7 ||     7
  Use: Scroll            |       |     9 |       |    10 ||    19
       Potion            |       |       |       |     6 ||     6
 Stab: Sleeping          |       |       |       |     4 ||     4
Armor: Scale mail        |    68 |    48 |    63 |       ||   179
       Chain mail        |       |       |    27 |   107 ||   134
Dodge: Dodged            |    61 |    59 |    67 |    59 ||   246
Block: Other             |    16 |    25 |       |       ||    41
       Reflection        |     1 |       |    11 |     5 ||    17
       Kite shield       |       |    43 |   334 |   354 ||   731

Table legend: (Time is in decaauts)
 A = Elapsed time spent in this place.
 B = Non-inter-level travel time spent in this place.
 C = Inter-level travel time spent in this place.
 D = Time resting spent in this place.
 E = Time spent auto-exploring this place.
 F = Levels seen in this place.
 G = Mean time per level.
                   A        B        C        D        E       F      G
               +--------+--------+--------+--------+--------+-----+--------+
         Total |  11158 |  10455 |    703 |    952 |   7339 |  11 | 1014.4 |
       Dungeon |  11019 |  10328 |    691 |    952 |   7214 |  10 | 1101.9 |
        Temple |    138 |    126 |     12 |      0 |    125 |   1 |  138.0 |
               +--------+--------+--------+--------+--------+-----+--------+

Top non-repeatable levels by time:
     D:8: 1640 daAuts
     D:3: 1568 daAuts
     D:4: 1424 daAuts
     D:7: 1265 daAuts
     D:2: 1190 daAuts
     D:5: 876 daAuts
     D:1: 843 daAuts
     D:9: 837 daAuts
     D:6: 736 daAuts
    D:10: 637 daAuts
  Temple: 138 daAuts
